 Dungeon Crawl Stone Soup version 0.20.1-1-g8b1a95d (webtiles) character file.

120239 Monsterracer the Black Belt (level 16, -6/122 HPs)
             Began as a Vampire Transmuter on Sept 12, 2017.
             Was the Champion of Okawaru.
             Mangled by a wolf spider (20 damage)
             ... on level 2 of the Lair of Beasts.
             The game lasted 01:32:39 (35446 turns).

Monsterracer the Black Belt (Vampire Transmuter)   Turns: 35446, Time: 01:32:39

Health: -6/122     AC: 15    Str:  9    XL:     16   Next: 29%
Magic:  19/24      EV: 21    Int: 30    God:    Okawaru [******]
Gold:   637        SH:  0    Dex: 11    Spells: 3/25 levels left

rFire    . . .     SeeInvis +     - Unarmed
rCold    . . .     Gourm    .   (shield currently unavailable)
rNeg     + + +     Faith    +   v - +1 robe "Rutill" {MR+ Int+4 Slay+3 Stlth+}
rPois    +         Spirit   .   D - +2 helmet
rElec    .         Reflect  .   S - +2 cloak {rPois}
rCorr    +         Harm     .   (gloves currently unavailable)
MR       ++...                  W - +0 pair of boots of Gravitas {+Fly rN+++ Int+4 Dex-4}
Stlth    +++++++...             B - amulet of faith
Regen    0.5/turn               t - +4 ring of protection
MPRegen  0.2/turn               R - ring of resist corrosion

@: blade hands, heroism, regenerating quickly
A: fangs 3, see invisible, unbreathing
a: End Transformation, Heroism, Finesse, Renounce Religion, Evoke Flight


You were on level 2 of the Lair of Beasts.
You worshipped Okawaru.
Okawaru was exalted by your worship.
You were full.
You had blades for hands.
You visited 4 branches of the dungeon, and saw 24 of its levels.
You visited 1 bazaar.
You also visited: Labyrinth.

You collected 2277 gold pieces.
You spent 1640 gold pieces at shops.

Inventory:

Missiles
 a - 627 arrows
 y - a throwing net
 C - 418 stones (quivered)
Armour
 q - a +2 pair of gloves (melded)
 v - the +1 robe "Rutill" (worn) {MR+ Int+4 Slay+3 Stlth+}
   (You found it on level 10 of the Dungeon)

   It affects your intelligence (+4).
   It affects your accuracy and damage with ranged weapons and melee attacks
   (+3).
   It affects your resistance to hostile enchantments.
   It makes you more stealthy.
 D - a +2 helmet (worn)
 K - a +0 buckler of protection (melded)
 S - a +2 cloak of poison resistance (worn)
 T - a +2 cloak of magic resistance
 V - the +1 scale mail of Uskayaw's Reproof {+Inv rElec rC+}
   (You bought it in a shop in a bazaar)

   It protects you from cold.
   It insulates you from electricity.
   It lets you turn invisible.
 W - the +0 pair of boots of Gravitas (worn) {+Fly rN+++ Int+4 Dex-4}
   (You bought it in a shop in a bazaar)

   It affects your intelligence (+4).
   It affects your dexterity (-4).
   It renders you almost immune to negative energy.
   It lets you fly.
Magical Staves
 b - an uncursed staff of wizardry {!a}
Jewellery
 t - a +4 ring of protection (left scythe-like blade)
 B - an amulet of faith (around neck)
 M - an uncursed ring of protection from magic
 R - a ring of resist corrosion (right scythe-like blade)
 U - the ring of Totov {rF- rC+ Str+2 SInv}
   (You found it on level 6 of the Lair of Beasts)

   [ring of protection from cold]

   It affects your strength (+2).
   It makes you vulnerable to fire.
   It protects you from cold.
   It lets you see invisible.
Wands
 o - a wand of acid (9/15)
 z - a wand of acid (6/15)
 F - a wand of scattershot (4/9)
 J - a wand of acid (5/15)
Scrolls
 c - 2 scrolls of fear
 e - 12 scrolls of teleportation
 f - 9 scrolls of remove curse
 k - 4 scrolls of magic mapping
 l - 6 scrolls of amnesia
 p - 4 scrolls of recharging
 w - 2 scrolls of fog
 A - 2 scrolls of identify
 H - 2 scrolls of blinking
Potions
 d - 14 potions of blood
 g - 3 potions of brilliance
 h - 3 potions of resistance
 i - 6 potions of flight
 j - 5 potions of lignification
 m - 3 potions of invisibility
 n - 4 potions of might
 r - 10 potions of curing
 s - 3 potions of magic
 u - a potion of ambrosia
 x - 4 potions of heal wounds
 N - a potion of berserk rage
 P - 2 potions of haste
 Q - a potion of mutation
Books
 I - a book of Transfigurations

   Spells                             Type                      Level
   a - Irradiate                      Conjuration/Transmutation    5
   b - Statue Form                    Transmutation/Earth          6
   c - Hydra Form                     Transmutation                6
   d - Dragon Form                    Transmutation                7


   Skills:
 + Level 10.3(15.3) Fighting
 + Level 11.9(16.9) Dodging
 + Level 12.3(17.3) Stealth
 - Level 4.0(9.0) Shields
 * Level 17.1(22.1) Unarmed Combat
 + Level 5.3 Spellcasting
 - Level 3.0 Conjurations
 - Level 2.1 Translocations
 * Level 11.8 Transmutations
 - Level 3.1 Fire Magic
 - Level 2.5 Ice Magic
 * Level 5.9 Earth Magic
 - Level 8.3 Invocations
 - Level 2.8 Evocations


You had 3 spell levels left.
You knew the following spells:

 Your Spells              Type           Power        Failure   Level  Hunger
a - Ice Form              Ice/Tmut       ######..     24%         4    ###....
b - Sticks to Snakes      Tmut           ######..     6%          2    None
c - Statue Form           Tmut/Erth      ######...    65%         6    ######.
d - Blade Hands           Tmut           ######....   16%         5    #####..
e - Conjure Flame         Conj/Fire      ####....     32%         3    None
f - Blink                 Tloc           N/A          28%         2    None


Dungeon Overview and Level Annotations

Branches:
Dungeon (15/15)            Temple (0/1) D:5            Lair (6/6) D:11
 Shoals (0/4) Lair:2       Spider (1/4) Lair:2        Slime (0/5) Lair:6
    Orc (2/2) D:9             Elf (0/3) Orc:2        Vaults (0/5) D:13
 Depths (0/5) D:15

Altars:
Ashenzari
Cheibriados
Dithmenos
Fedhas
Hepliaklqana
Kikubaaqudgha
Okawaru
Sif Muna
Trog
Vehumet
Xom
Zin
The Shining One
Beogh
Jiyva

Shops:
D:9 *   D:11 :   Orc:2 %!([


Innate Abilities, Weirdness & Mutations

Your natural rate of healing is unusually fast.
You have razor-sharp teeth.
You have supernaturally acute eyesight. (SInv)
You can survive without breathing.


Message History

* * * LOW HITPOINT WARNING * * *
The redback closely misses you. The demonic crawler barely misses you.
The demonic crawler closely misses you. The demonic crawler hits you!
* * * LOW HITPOINT WARNING * * *
The redback bites you.
* * * LOW HITPOINT WARNING * * *
You are lethally poisoned!
The redback poisons you!
The wolf spider hits you but does no damage.
The wolf spider closely misses you. The redback misses you.
The demonic crawler completely misses you.
The demonic crawler closely misses you. The demonic crawler misses you.
Huge Dmg: -15%(-18hp) hp: 17%(20hp)
Okay, then.
Okay, then.
Unknown command.
You feel better. The redback bites you!
* * * LOW HITPOINT WARNING * * *
The wolf spider hits you!!
You die...

## #P........### ###...## ### #
.## #..#P.P.....###.P..## #.###
[.## #.........#.......#.####....
...###........###.........#P#P...
.#...#........###........+..##...
.##..'>.......#.##...^...#...'...
.###.#........^^^##......####....
.# ###.....^...^^^#......# #P##.
.# #.###......s@s..^....# ###P.
## ###.......^ss^...#..## ##^ .#
#.#P.....^^^#...^#### ## +##
#........###...^^^#.##### #
..###.#.#...###....^##.+#..รท# ##
....#.##.#........###.......####.
..#.............###.........'...#
...............#..+.........###..
...#..............P..........###P


You could see a demonic crawler, a wolf spider and 2 redbacks.

Vanquished Creatures
  Kirke (D:14)
  An orc warlord (Orc:2)
  A ghost moth (Spider:1)
  Azrael (Spider:1)
  Snorg (D:14)
  Josephine (Lair:4)
  A minotaur (Lab)
  12 hydras
  4 centaur warriors
  5 catoblepae
  A death knight (D:15)
  An ogre mage (D:15)
  2 dancing weapons (D:13)
  3 tengu warriors
  An orc high priest (Orc:1)
  11 two-headed ogres
  15 death yaks
  A vampire mage (D:15)
  Nergalle (Lair:4)
  2 skeletal warriors (D:15)
  An unseen horror (shapeshifter) (D:14)
  2 unseen horrors (D:15)
  Pikel (D:8)
  A golden dragon skeleton (D:15)
  A wizard (D:14)
  2 orc knights
  An orb spider (Spider:1)
  A necromancer (D:15)
  A deep elf mage (D:15)
  2 oklob plants
  2 ugly things (D:11)
  2 wolf spiders
  The ghost of Enish the Blocker, a novice HuWn of Gozag (D:6)
  4 manticores
  A sphinx skeleton (D:15)
  2 orc sorcerers (Orc:2)
  3 cyclopes
  A stone giant zombie (D:15)
  Joseph (D:8)
  2 black mambas (Lair:6)
  The ghost of gobwax the Frost Mage, a novice OpIE (D:5)
  A guardian serpent (shapeshifter) (D:15)
  10 spiny frogs
  2 gargoyles (D:15)
  2 kobold demonologists (D:14)
  6 komodo dragons
  A centaur skeleton (D:10)
  2 rime drakes
  A demonic crawler (Lair:2)
  9 trolls
  5 jumping spiders (Spider:1)
  2 polar bears (D:10)
  A tengu conjurer (D:15)
  3 hornets
  Prince Ribbit (D:8)
  20 blink frogs
  10 slime creatures
  5 dream sheep (Lair:5)
  18 hippogriffs
  A deep troll zombie (D:15)
  Sigmund (D:3)
  A vampire (D:11)
  A spriggan (D:14)
  5 wraiths (Lair:4)
  4 redbacks
  5 wyverns
  123 yaks
  A hog (D:10)
  Eustachio (D:5)
  A hog (shapeshifter) (D:12)
  2 hungry ghosts
  2 basilisks
  4 fire elementals (Lair:2)
  10 vampire mosquitoes
  Edmund (D:5)
  A soldier ant (D:15)
  5 porcupines
  2 wargs
  An acid dragon (D:14)
  Duvessa (D:6)
  14 water moccasins
  3 slaves (D:8)
  29 orc warriors
  8 sky beasts
  2 ice beasts
  3 eyes of draining
  5 phantoms
  4 black bears
  13 wolves
  21 ogres
  12 centaurs
  12 crocodiles
  5 big kobolds
  20 bullfrogs
  2 wyvern zombies
  An earth elemental (Lab)
  Dowan (D:6)
  2 wyvern skeletons
  12 scorpions
  A water moccasin skeleton (D:8)
  2 troll zombies (D:9)
  3 killer bees (D:11)
  16 wights
  2 howler monkeys
  The ghost of Agrougrou the Insei, a weakling OpTm (D:3)
  12 crimson imps
  A quasit (D:7)
  30 orc priests
  7 hounds
  4 jellies
  Crazy Yiuf (D:6)
  2 bullfrog skeletons
  3 iguanas
  16 orc wizards
  15 worker ants
  6 ogre zombies
  2 hound zombies
  9 gnolls
  10 adders
  4 shadow imps
  2 oozes
  An adder zombie (D:5)
  2 worms (D:4)
  5 dart slugs
  5 leopard geckos
  111 orcs
  A ball python (D:3)
  6 giant cockroaches
  40 goblins
  27 hobgoblins
  14 jackals
  5 quokkas
  6 bats
  3 frilled lizards
  3 goblin zombies (D:9)
  2 hobgoblin zombies (D:9)
  A jackal skeleton (D:8)
  22 kobolds
  2 orc skeletons (D:9)
  18 orc zombies (D:9)
  2 rats (D:2)
  2 plants (Lair:1)
967 creatures vanquished.

Vanquished Creatures (others)
  3 humans (D:14)
  A water moccasin (Lair:6)
  A centaur (D:14)
  A wight (D:11)
  A hound (D:8)
  An orc wizard (D:14)
  A jelly (D:14)
  An orc (D:14)
  A bush (Lair:6)
  11 fungi
  16 plants
38 creatures vanquished.

Grand Total: 1005 creatures vanquished

Notes
Turn   | Place    | Note
-------+----------+-------------------------------------------
     0 | D:1      | Monsterracer the Vampire Transmuter began the quest for the Orb.
     0 | D:1      | Reached XP level 1. HP: 14/14 MP: 3/3
    45 | D:1      | HP: 6/14 [hobgoblin (4)]
   119 | D:1      | Reached XP level 2. HP: 17/20 MP: 5/5
   123 | D:1      | Learned a level 2 spell: Sticks to Snakes
   424 | D:1      | Reached skill level 4 in Unarmed Combat
   640 | D:1      | HP: 9/20 [hobgoblin (4)]
   642 | D:1      | HP: 2/20 [hobgoblin (4)]
   649 | D:1      | Reached XP level 3. HP: 5/25 MP: 6/6
   654 | D:1      | Learned a level 3 spell: Spider Form
  1386 | D:2      | Reached XP level 4. HP: 21/31 MP: 0/7
  1394 | D:2      | HP: 15/31 [poisoned by an adder]
  1401 | D:2      | HP: 14/31 [poisoned by an adder]
  1408 | D:2      | HP: 15/31 [poisoned by an adder]
  1416 | D:2      | HP: 15/31 [poisoned by an adder]
  1945 | D:3      | Found a hazy altar of Hepliaklqana.
  1954 | D:3      | Found a deep blue altar of Sif Muna.
  1956 | D:3      | Found an iron altar of Okawaru.
  1959 | D:3      | Reached skill level 5 in Unarmed Combat
  1969 | D:3      | Became a worshipper of Warmaster Okawaru
  2031 | D:3      | Noticed Sigmund
  2044 | D:3      | Killed Sigmund
  2044 | D:3      | Reached skill level 5 in Transmutations
  2044 | D:3      | Reached XP level 5. HP: 36/36 MP: 5/8
  2044 | D:3      | Reached XP level 6. HP: 42/42 MP: 5/9
  2213 | D:3      | Noticed Agrougrou's ghost (weakling OpTm)
  2232 | D:3      | HP: 21/42 [Agrougrou's ghost (9)]
  2234 | D:3      | Killed Agrougrou's ghost
  2234 | D:3      | Reached skill level 1 in Fighting
  2472 | D:3      | Reached skill level 6 in Unarmed Combat
  2828 | D:4      | Found a shattered altar of Ashenzari.
  2833 | D:4      | Found a bloodstained altar of Trog.
  3568 | D:5      | Entered Level 5 of the Dungeon
  3593 | D:5      | Reached * piety under Okawaru
  3593 | D:5      | Reached skill level 1 in Invocations
  3593 | D:5      | Reached XP level 7. HP: 49/49 MP: 6/10
  3832 | D:5      | Noticed gobwax's ghost (novice OpIE)
  4089 | D:5      | Killed gobwax's ghost
  4089 | D:5      | Reached ** piety under Okawaru
  4222 | D:5      | HP: 24/51 [orc priest/divine providence (14)]
  4224 | D:5      | Reached XP level 8. HP: 27/57 MP: 7/11
  4231 | D:5      | HP: 27/57 [orc priest/flail (1)]
  4232 | D:5      | Reached skill level 7 in Unarmed Combat
  4355 | D:5      | Learned a level 5 spell: Blade Hands
  4364 | D:5      | Found a staircase to the Ecumenical Temple.
  4393 | D:5      | HP: 26/57 [shadow imp/nerve-wracking pain (12)]
  4398 | D:5      | HP: 16/57 [poisoned by an adder]
  4406 | D:5      | HP: 13/57 [poisoned by an adder]
  4414 | D:5      | HP: 14/57 [poisoned by an adder]
  4834 | D:5      | Noticed Edmund
  4854 | D:5      | Killed Edmund
  5228 | D:5      | Noticed Eustachio
  5240 | D:5      | Killed Eustachio
  5309 | D:5      | Reached *** piety under Okawaru
  5309 | D:5      | Reached skill level 8 in Unarmed Combat
  6014 | D:6      | Noticed Duvessa
  6027 | D:6      | Killed Duvessa
  6027 | D:6      | Reached XP level 9. HP: 58/64 MP: 9/12
  6072 | D:6      | Noticed Dowan
  6093 | D:5      | HP: 32/64 [poisoned by Dowan]
  6098 | D:5      | HP: 28/64 [poisoned by Dowan]
  6103 | D:5      | HP: 25/64 [poisoned by Dowan]
  6108 | D:5      | HP: 24/64 [poisoned by Dowan]
  6115 | D:5      | HP: 23/64 [poisoned by Dowan]
  6122 | D:5      | HP: 24/64 [poisoned by Dowan]
  6130 | D:5      | HP: 25/64 [poisoned by Dowan]
  6239 | D:6      | Killed Dowan
  6311 | D:6      | Noticed Enish's ghost (novice HuWn)
  6549 | D:6      | HP: 32/64 [scorpion (1)]
  6554 | D:6      | HP: 27/64 [poisoned by a scorpion]
  6559 | D:6      | HP: 24/64 [poisoned by a scorpion]
  6564 | D:6      | HP: 22/64 [poisoned by a scorpion]
  6570 | D:6      | HP: 21/64 [poisoned by a scorpion]
  6576 | D:6      | HP: 22/64 [poisoned by a scorpion]
  6584 | D:6      | HP: 23/64 [poisoned by a scorpion]
  6772 | D:6      | HP: 32/64 [wyvern skeleton (6)]
  6773 | D:6      | HP: 15/64 [wyvern skeleton (15)]
  6778 | D:6      | HP: 7/64 [poisoned by Enish's ghost]
  6795 | D:6      | Killed Enish's ghost
  7194 | D:6      | Found a runed door.
  7319 | D:6      | Reached skill level 5 in Dodging
  7432 | D:6      | Reached skill level 9 in Unarmed Combat
  7543 | D:6      | Noticed Crazy Yiuf
  7545 | D:6      | Killed Crazy Yiuf
  7644 | D:7      | Reached **** piety under Okawaru
  7783 | D:7      | Found a snail-covered altar of Cheibriados.
  7783 | D:7      | Found a shimmering altar of Xom.
  7788 | D:7      | Found a radiant altar of Vehumet.
  7790 | D:7      | Found an ancient bone altar of Kikubaaqudgha.
  7792 | D:7      | Found a faded altar of an unknown god.
  7890 | D:7      | Found a shadowy altar of Dithmenos.
  7924 | D:7      | Reached XP level 10. HP: 64/72 MP: 7/13
  8246 | D:7      | Found a glowing silver altar of Zin.
  8554 | D:8      | Noticed Joseph
  8573 | D:8      | Killed Joseph
  8830 | D:8      | Noticed Pikel
  8836 | D:8      | Killed Pikel
  8836 | D:8      | Reached skill level 10 in Unarmed Combat
  9081 | D:8      | Noticed Prince Ribbit
  9133 | D:8      | Found a glowing golden altar of the Shining One.
  9365 | D:8      | Killed Prince Ribbit
  9365 | D:8      | Reached ***** piety under Okawaru
  9365 | D:8      | Reached skill level 5 in Stealth
  9628 | D:9      | Learned a level 4 spell: Ice Form
  9773 | D:9      | HP: 34/73 [orc warrior/flail (19)]
  9778 | D:9      | HP: 29/73 [orc warrior/flail (6)]
  9782 | D:9      | HP: 2/73 [orc warrior/flail (16)]
  9992 | D:9      | Found Genk's Assorted Antiques.
 10007 | D:9      | Reached skill level 5 in Fighting
 10087 | D:9      | Found a staircase to the Orcish Mines.
 10092 | D:9      | Noticed a two-headed ogre
 10272 | D:9      | Reached skill level 10 in Transmutations
 10326 | D:9      | Killed a two-headed ogre
 10326 | D:9      | Received a gift from Okawaru
 10326 | D:9      | Reached skill level 5 in Invocations
 10362 | D:9      | Reached XP level 11. HP: 75/79 MP: 8/15
 10401 | D:9      | Paralysed by a hornet for 1 turns
 10402 | D:9      | HP: 40/80 [centaur (1)]
 10404 | D:9      | Reached skill level 11 in Unarmed Combat
 10407 | D:9      | HP: 35/80 [poisoned by a hornet]
 10412 | D:9      | HP: 31/80 [poisoned by a hornet]
 10417 | D:9      | HP: 30/80 [poisoned by a hornet]
 10420 | D:9      | HP: 14/80 [ogre/giant club (16)]
 10425 | D:9      | HP: 14/80 [poisoned by a hornet]
 10430 | D:9      | HP: 15/80 [poisoned by a hornet]
 10437 | D:9      | HP: 18/80 [poisoned by a hornet]
 10445 | D:8      | HP: 23/80 [poisoned by a hornet]
 10679 | D:10     | Entered Level 10 of the Dungeon
 10748 | D:10     | Received a gift from Okawaru
 10781 | D:10     | Got a ripped robe
 10792 | D:10     | Identified the +1 robe "Rutill" {MR+ Int+4 Slay+3 Stlth+} (You found it on level 10 of the Dungeon)
 10799 | D:10     | Learned a level 3 spell: Conjure Flame
 10863 | D:10     | Found a huge runed gate.
 10863 | D:10     | Found a huge runed gate.
 10863 | D:10     | Found a huge runed gate.
 10863 | D:10     | Found a huge runed gate.
 10863 | D:10     | Noticed a death yak
 10864 | D:10     | Noticed a death yak
 10889 | D:10     | HP: 31/80 [orc priest/divine providence (11)]
 11222 | D:10     | Reached skill level 1 in Fire Magic
 11601 | D:10     | Reached skill level 1 in Conjurations
 11783 | D:10     | HP: 39/80 [death yak (6)]
 11785 | D:10     | Killed a death yak
 11959 | D:10     | Killed a death yak
 12173 | D:11     | Noticed a five-headed hydra
 12178 | D:11     | Killed a five-headed hydra
 12178 | D:11     | Received a gift from Okawaru
 12178 | D:11     | Reached skill level 12 in Unarmed Combat
 12255 | D:11     | Reached XP level 12. HP: 82/87 MP: 13/17
 12729 | D:11     | Noticed a two-headed ogre
 12738 | D:11     | Killed a two-headed ogre
 12832 | D:11     | Noticed a two-headed ogre
 12841 | D:11     | Killed a two-headed ogre
 13152 | D:11     | Found Byturh Bijin's Book Shop.
 13271 | D:11     | HP: 41/88 [yak (10)]
 13281 | D:11     | HP: 39/88 [yak (5)]
 13283 | D:11     | Noticed a two-headed ogre
 13293 | D:11     | Killed a two-headed ogre
 13413 | D:11     | Found a staircase to the Lair.
 13419 | D:11     | Reached ****** piety under Okawaru
 13481 | Lair:1   | Entered Level 1 of the Lair of Beasts
 13543 | Lair:1   | Found a blossoming altar of Fedhas.
 14065 | Lair:1   | Reached skill level 13 in Unarmed Combat
 14129 | Lair:1   | Received a gift from Okawaru
 14146 | Lair:1   | Reached skill level 10 in Stealth
 14158 | Lair:1   | Got a fine hat {god gift}
 14169 | Lair:1   | Identified the +0 hat of Serendipity {rN+ MR- Stlth+} (Okawaru gifted it to you on level 1 of the Lair of Beasts)
 14422 | Lair:1   | Noticed a six-headed hydra
 14429 | Lair:1   | Killed a six-headed hydra
 14549 | Lair:1   | Reached XP level 13. HP: 93/95 MP: 14/19
 14994 | Lair:1   | Reached skill level 1 in Ice Magic
 15644 | Lair:2   | Found a staircase to the Shoals.
 15861 | Lair:2   | Found a hole to the Spider Nest.
 16649 | Lair:3   | Found a labyrinth entrance.
 16662 | Lair:3   | Reached skill level 1 in Evocations
 16674 | Lab      | Entered a labyrinth
 16968 | Lab      | Noticed a minotaur
 16976 | Lab      | Killed a minotaur
 16997 | Lab      | Identified Edar's Collected Works on Ignition
 17001 | Lab      | Got a spiked scale mail
 17043 | Lair:3   | Identified the cursed +0 scale mail of Qamischy {Stlth+} (You took it off a minotaur in a labyrinth)
 17327 | Lair:3   | HP: 48/96 [yak (14)]
 18321 | Lair:4   | Reached skill level 14 in Unarmed Combat
 18322 | Lair:4   | Noticed Josephine
 18327 | Lair:4   | Killed Josephine
 18327 | Lair:4   | Reached skill level 1 in Shields
 18426 | Lair:4   | Received a gift from Okawaru
 18582 | Lair:4   | Received a gift from Okawaru
 18590 | Lair:4   | HP: 45/98 [yak (14)]
 18597 | Lair:4   | HP: 24/98 [yak (15)]
 18598 | Lair:4   | HP: 8/98 [yak (17)]
 18606 | Lair:4   | HP: 29/98 [yak (4)]
 18932 | Lair:4   | Noticed Nergalle
 18942 | Lair:4   | Killed Nergalle
 19638 | Lair:4   | Reached XP level 14. HP: 94/105 MP: 16/20
 19995 | Lair:4   | HP: 48/105 [yak (14)]
 20390 | Lair:5   | HP: 48/105 [blink frog (13)]
 20870 | Lair:4   | HP: 46/106 [death yak (14)]
 21075 | Lair:5   | HP: 52/106 [catoblepas (7)]
 21079 | Lair:5   | HP: 25/106 [catoblepas (6)]
 21203 | Lair:4   | HP: 52/106 [komodo dragon (20)]
 21354 | Lair:5   | Received a gift from Okawaru
 21354 | Lair:5   | Reached skill level 10 in Dodging
 21887 | Lair:6   | Entered Level 6 of the Lair of Beasts
 22114 | Lair:6   | HP: 44/106 [manticore (19)]
 22115 | Lair:6   | Reached skill level 15 in Unarmed Combat
 22660 | Lair:6   | Found a viscous altar of Jiyva.
 22660 | Lair:6   | Found a staircase to the Slime Pits.
 22709 | Lair:6   | HP: 60/127 [eight-headed hydra (4)]
 22712 | Lair:6   | HP: 28/127 [eight-headed hydra (2)]
 23296 | Lair:6   | HP: 47/108 [death yak (18)]
 23517 | Lair:6   | Received a gift from Okawaru
 23794 | Lair:6   | Got a smoking tin ring
 23796 | Lair:6   | Identified the ring of Totov {rF- rC+ Str+2 SInv} (You found it on level 6 of the Lair of Beasts)
 23975 | Lair:6   | Reached skill level 16 in Unarmed Combat
 23975 | Lair:6   | Reached XP level 15. HP: 100/114 MP: 17/21
 24857 | D:11     | Learned a level 2 spell: Blink
 25085 | Orc:1    | Entered Level 1 of the Orcish Mines
 25375 | Orc:2    | Entered Level 2 of the Orcish Mines
 25567 | Orc:2    | Reached skill level 1 in Translocations
 25643 | Orc:2    | Found a staircase to the Elven Halls.
 26032 | Orc:2    | Found a gateway to a bazaar.
 26048 | Orc:2    | Found a roughly hewn altar of Beogh.
 26208 | Orc:2    | Found a roughly hewn altar of Beogh.
 26428 | Orc:2    | Found a roughly hewn altar of Beogh.
 26502 | Orc:2    | Noticed an orc warlord
 26904 | Orc:2    | Killed an orc warlord
 27110 | Orc:2    | Found Fiyfym's Antique Weapon Boutique.
 27122 | Orc:2    | Found Ysoq Cent's Antique Armour Shop.
 27123 | Orc:2    | Found a roughly hewn altar of Beogh.
 27191 | Orc:2    | Found a roughly hewn altar of Beogh.
 27217 | Orc:2    | Found Wuokkaon's Distillery.
 27238 | Orc:2    | Bought a potion of berserk rage for 85 gold pieces
 27238 | Orc:2    | Bought a potion of might for 68 gold pieces
 27238 | Orc:2    | Bought a potion of heal wounds for 85 gold pieces
 27291 | Orc:2    | Found a roughly hewn altar of Beogh.
 27319 | Orc:2    | Found Hoiqogat's Food Shoppe.
 27570 | Bazaar   | Entered a bazaar
 27570 | Bazaar   | Found Naixtun's Assorted Antiques.
 27577 | Bazaar   | Found Monkey's Armour Emporium.
 27592 | Bazaar   | Found Keoqoz's Weapon Emporium.
 27599 | Bazaar   | Found Roaxev's Book Emporium.
 27604 | Bazaar   | Found Qefomali's Weapon Emporium.
 27641 | Bazaar   | Bought a faintly humming scale mail for 342 gold pieces
 27651 | Bazaar   | Identified the +1 scale mail of Uskayaw's Reproof {+Inv rElec rC+} (You bought it in a shop in a bazaar)
 27731 | Bazaar   | Bought the cursed +0 pair of boots of Gravitas {+Fly rN+++ Int+4 Dex-4} for 410 gold pieces
 27782 | Bazaar   | Bought a book of the Earth for 650 gold pieces
 27895 | D:12     | Learned a level 6 spell: Statue Form
 28160 | D:12     | Reached skill level 1 in Earth Magic
 29062 | D:13     | HP: 57/115 [centaur[a centaur warrior] (8)]
 29068 | D:13     | Received a gift from Okawaru
 29203 | D:13     | Found a gate to the Vaults.
 29808 | D:13     | Received a gift from Okawaru
 29818 | D:13     | Got a heavily runed ring mail {god gift}
 29829 | D:13     | Identified the +0 ring mail of the Scribe {MR- Int+7} (Okawaru gifted it to you on level 13 of the Dungeon)
 30833 | D:14     | Noticed Kirke
 30841 | D:14     | Killed Kirke
 30868 | D:14     | Noticed Snorg
 30885 | D:14     | Killed Snorg
 31573 | D:14     | Reached skill level 10 in Fighting
 32192 | D:15     | Entered Level 15 of the Dungeon
 32211 | D:15     | HP: 51/115 [mirror damage (16)]
 32295 | D:15     | HP: 54/115 [unseen horror (10)]
 32437 | D:15     | Received a gift from Okawaru
 32492 | D:15     | HP: 55/115 [deep troll earth mage zombie (8)]
 32497 | D:15     | HP: 45/115 [deep elf mage/lance of force (4)]
 32729 | D:15     | HP: 26/115 [necromancer/bolt of cold (33)]
 32916 | D:15     | Found a staircase to the Depths.
 33107 | D:15     | Reached skill level 5 in Earth Magic
 33421 | D:15     | Reached XP level 16. HP: 122/122 MP: 23/23
 33460 | D:15     | Reached skill level 5 in Spellcasting
 33742 | D:15     | Reached skill level 17 in Unarmed Combat
 34219 | D:15     | Got a warped chain mail
 34230 | D:15     | Identified the cursed +0 chain mail "Moita" {Int+4} (You found it on level 15 of the Dungeon)
 34712 | Spider:1 | Entered Level 1 of the Spider Nest
 34712 | Spider:1 | Noticed Azrael
 34858 | Spider:1 | Killed Azrael
 35035 | Spider:1 | Received a gift from Okawaru
 35218 | Lair:2   | HP: 61/122 [poisoned by a wolf spider]
 35223 | Lair:2   | HP: 52/122 [poisoned by a wolf spider]
 35228 | Lair:2   | HP: 44/122 [poisoned by a wolf spider]
 35233 | Lair:2   | HP: 40/122 [poisoned by a wolf spider]
 35238 | Lair:2   | HP: 37/122 [poisoned by a wolf spider]
 35243 | Lair:2   | HP: 36/122 [poisoned by a wolf spider]
 35249 | Lair:2   | HP: 36/122 [poisoned by a wolf spider]
 35255 | Lair:2   | HP: 37/122 [poisoned by a wolf spider]
 35263 | Lair:2   | HP: 39/122 [poisoned by a wolf spider]
 35444 | Lair:2   | HP: 60/122 [poisoned by a wolf spider]
 35445 | Lair:2   | HP: 25/122 [demonic crawler (9)]
 35446 | Lair:2   | Mangled by a wolf spider

Skill      XL: |  1  2  3  4  5  6  7  8  9 10 11 12 13 14 15 16 |
---------------+-------------------------------------------------+-----
Unarmed Combat | 4 5 6 8 9 10 12 13 14 16 17 | 17.1
Transmutations | 3 5 6 7 9 10 11 | 11.8
Fighting       | 1 2 3 4 5 6 8 9 10 | 10.3
Invocations    | 1 3 4 5 6 7 8 |  8.3
Dodging        | 3 4 5 6 7 8 9 10 11 | 11.9
Stealth        | 2 4 6 7 10 11 12 | 12.3
Spellcasting   | 3 4 5 |  5.3
Fire Magic     | 2 3 |  3.1
Conjurations   | 2 3 |  3.0
Ice Magic      | 2 |  2.5
Evocations     | 2 |  2.8
Shields        | 2 4 |  4.0
Translocations | 2 |  2.1
Earth Magic    | 5 |  5.9

Action                   |  1- 3 |  4- 6 |  7- 9 | 10-12 | 13-15 | 16-18 || total
-------------------------+-------+-------+-------+-------+-------+-------++-------
Melee: Unarmed           |   100 |   133 |   448 |   707 |  1332 |   176 ||  2896
       Kick              |     3 |       |       |       |       |       ||     3
       Bite              |     7 |     5 |    19 |    51 |    89 |     9 ||   180
       Punch             |     1 |     4 |     5 |    29 |    57 |       ||    96
Throw: Stone             |       |       |       |       |     3 |       ||     3
 Cast: Beastly Appendage |     2 |     1 |       |       |       |       ||     3
       Spider Form       |     5 |     9 |    22 |       |       |       ||    36
       Blade Hands       |       |       |     8 |    54 |   119 |     9 ||   190
       Ice Form          |       |       |       |     3 |     9 |       ||    12
       Statue Form       |       |       |       |       |       |     2 ||     2
Invok: Heroism           |       |       |     2 |    13 |    27 |     2 ||    44
       Finesse           |       |       |       |       |     1 |       ||     1
 Abil: Bat Form          |       |     1 |       |       |       |       ||     1
       End Transformatio |       |       |     1 |       |       |       ||     1
       Evoke Berserk Rag |       |       |       |       |     2 |       ||     2
  Use: Potion            |     8 |    11 |    30 |    50 |   126 |    15 ||   240
       Scroll            |       |    16 |     7 |     4 |    11 |     3 ||    41
 Stab: Sleeping          |     3 |       |     2 |     8 |    30 |     6 ||    49
       Distracted        |       |       |       |     3 |     6 |       ||     9
Armor: Robe              |    13 |     8 |    77 |    91 |   184 |    45 ||   418
       Skin              |     5 |     1 |    12 |     2 |    36 |    18 ||    74
       Troll leather arm |       |       |       |    36 |       |       ||    36
       Ring mail         |       |       |       |     3 |       |       ||     3
Dodge: Dodged            |    79 |    88 |   332 |   396 |   826 |   186 ||  1907
Block: Buckler           |       |       |       |       |    30 |    26 ||    56
       Reflection        |       |       |       |       |     4 |       ||     4
